 Dungeon Crawl Stone Soup version 0.30-a0-953-g5f1da4a474 (webtiles) character file.

Game seed: 4400067347184925059

67 xian the Conjurer (level 3, 0/28 HPs)
             Began as a Demonspawn Reaver on Mar 28, 2023.
             Slain by a hobgoblin (4 damage)
             ... on level 3 of the Dungeon.
             The game lasted 00:05:27 (1639 turns).

xian the Conjurer (Demonspawn Reaver)               Turns: 1639, Time: 00:05:27

Health: 0/28       AC: 14    Str: 14    XL:     3   Next: 98%
Magic:  6/6        EV:  2    Int: 14    God:
Gold:   148        SH:  0    Dex: 11    Spells: 5/6 levels left

rFire   . . .      SeeInvis .    a - +0 mace
rCold   . . .      Faith    .    e - orb {*Rage}
rNeg    . . .      Spirit   .    o - +0 plate armour
rPois   .          Reflect  .    (no helmet)
rElec   .          Rampage  .    d - +0 cloak
rCorr   .          Rage     20%  p - +0 pair of gloves
Will    .....                    (no boots) Stlth
                                 (no amulet)
HPRegen 0.24/turn                (no ring)
MPRegen 0.10/turn                (no ring)

@: sleeping, on berserk cooldown, slowed
A: slimy green scales 1, demonic touch 1
a: no special abilities


You were on level 3 of the Dungeon.
You visited 1 branch of the dungeon, and saw 3 of its levels.

You collected 148 gold pieces.

Inventory:

Hand Weapons
 a - a +0 mace (weapon)
Armour
 d - a +0 cloak (worn)
 e - an orb of wrath (worn)
 o - a +0 plate armour (worn)
 p - a +0 pair of gloves (worn)
Jewellery
 j - a +6 ring of intelligence
Scrolls
 b - 2 scrolls of vulnerability {unknown}
 c - 2 scrolls of poison {unknown}
 h - a scroll of identify {unknown}
 l - a scroll of immolation
 q - a scroll of enchant weapon {unknown}
Potions
 f - 2 potions of heal wounds {unknown}
 g - 2 potions of curing
 i - a potion of degeneration {unknown}
 k - a potion of haste {unknown}
 m - a potion of invisibility {unknown}
 n - a potion of attraction {unknown}


   Skills:
 + Level 2.8 Fighting
 + Level 3.2 Maces & Flails
 + Level 1.1 Armour
 + Level 1.9 Dodging
 + Level 2.2 Spellcasting
 + Level 3.3 Conjurations


You had 5 spell levels left.
You knew the following spells:

 Your Spells              Type           Power      Damage    Failure   Level
a - Kiss of Death         Conj/Necr      24%        2d7       100%        1

Your spell library contained the following spells:

 Spells                   Type           Power      Damage    Failure   Level
 Momentum Strike          Conj/Tloc      12%        3d8       100%        2
 Hailstorm                Conj/Ice       6%         3d4       100%        3
 Inner Flame              Hex/Fire       1%         N/A       100%        3
 Flame Wave               Conj/Fire      6%         2d5       100%        4
 Sticky Flame             Conj/Fire      6%         2d3       100%        4


Dungeon Overview and Level Annotations

Branches:
Dungeon (3/15)

Altars:
Qazlal

Shops:
D:1 *


Innate Abilities, Weirdness & Mutations

You are partially covered in slimy green scales. (AC +2)
Your touch may inflict minor irresistible damage on your foes.


Message History

The adder is severely wounded.
The adder bites you but does no damage.
The sleepcap releases spores at you but does no damage.
The hobgoblin hits you but does no damage.
The adder bites you but does no damage. The sleepcap barely misses you.
The hobgoblin hits you but does no damage.
The adder bites you but does no damage.
You closely miss the adder.
The adder is severely wounded.
The sleepcap releases spores at you.
* * * LOW HITPOINT WARNING * * *
You are engulfed in a cloud of soporific spores!
You fall asleep.
The hobgoblin hits you but does no damage.
The adder bites you but does no damage. The sleepcap releases spores at you.
You wake up.
* * * LOW HITPOINT WARNING * * *
You are engulfed in a cloud of soporific spores!
You are unaffected.
The hobgoblin hits you but does no damage.
The adder bites you but does no damage.
It was a potion of curing.
You feel better. The adder bites you but does no damage.
The sleepcap barely misses you. The hobgoblin barely misses you.
The adder bites you but does no damage.
You hit the adder.
You kill the adder!
The sleepcap releases spores at you but does no damage.
The hobgoblin hits you but does no damage.
The sleepcap releases spores at you but does no damage.
The hobgoblin hits you but does no damage.
Unknown command.
You hit the sleepcap.
The sleepcap is lightly damaged.
A bat comes into view.
The sleepcap releases spores at you.
* * * LOW HITPOINT WARNING * * *
You are engulfed in a cloud of soporific spores!
You fall asleep.
The hobgoblin hits you.
You die...

#.##.....≈.......≈...
..##..##.≈.§≈≈§≈b≈.....#
.....†#..≈.≈...§.≈......
.....#...≈.≈._.≈.....^..
.......#.≈§§..§..≈..!.!.
#........≈§≈§§§≈.≈......
#.....)..≈..§§§..≈......
#........≈≈≈≈≈≈≈≈≈......
#######.........@f......
#########..g......
#......... #.........
#......... #.........
##...?.... ##......#


You could see a sleepcap, a hobgoblin and a bat (wandering).

Vanquished Creatures
  2 adders
  A worm (D:2)
  2 dart slugs (D:2)
  3 orcs (D:2)
  5 endoplasms
  2 giant cockroaches
  3 goblins (D:2)
  3 hobgoblins (D:2)
  A jackal (D:2)
  2 quokkas
  3 ball pythons
  6 bats
  A frilled lizard (D:2)
  2 kobolds (D:2)
  A rat (D:2)
37 creatures vanquished.

Notes
Turn   | Place    | Note
-------+----------+-------------------------------------------
     0 | D:1      | xian the Demonspawn Reaver began the quest for the Orb.
     0 | D:1      | Reached XP level 1. HP: 16/16 MP: 3/3
   198 | D:1      | Found Ajulamn's General Store.
   699 | D:2      | Gained mutation: Your touch may inflict minor irresistible
                  | damage on your foes. [demonic ancestry]
   699 | D:2      | Reached XP level 2. HP: 16/22 MP: 5/5
   704 | D:2      | Found a faded altar of an unknown god.
  1056 | D:2      | Gained mutation: You are partially covered in slimy green
                  | scales. (AC +2) [demonic ancestry]
  1056 | D:2      | Reached XP level 3. HP: 22/28 MP: 6/6
  1213 | D:2      | Reached skill level 1 in Armour
  1612 | D:3      | Found a stormy altar of Qazlal.
  1639 | D:3      | Slain by a hobgoblin

Illustrated notes

Levels and vault maps discovered:
D:1:      nzn_arrival_depleted_hourglass, layout_basic, serial_shops,
          nicolae_shop_waterfront
D:2:      layout_basic, hellmonk_ecumenical_altar_blasted,
          minmay_fractal_squares_5
D:3:      layout_rooms, mainiacjoe_overflow_concentric_impassable, minivault_23

Skill      XL: |  1  2  3 |
---------------+----------+-----
Maces & Flails | 3 |  3.2
Armour         | 1 |  1.1
Fighting       | |  2.8
Dodging        | |  1.9
Spellcasting   | |  2.2
Conjurations   | |  3.3

Action                     || total
---------------------------++-------
  Melee: Mace              ||   116
    Use: Scroll            ||     1
         Potion            ||     1
 Armour: Ring mail         ||    18
         Leather armour    ||     1
         Plate armour      ||   115
         Chain mail        ||     5
  Dodge: Dodged            ||    36

Table legend: (Time is in decaauts)
 A = Elapsed time spent in this place.
 B = Non-inter-level travel time spent in this place.
 C = Inter-level travel time spent in this place.
 D = Time resting spent in this place.
 E = Time spent auto-exploring this place.
 F = Levels seen in this place.
 G = Mean time per level.
                   A        B        C        D        E       F      G
               +--------+--------+--------+--------+--------+-----+--------+
         Total |   1780 |   1739 |     41 |      0 |   1087 |   3 |  593.3 |
       Dungeon |   1780 |   1739 |     41 |      0 |   1087 |   3 |  593.3 |
               +--------+--------+--------+--------+--------+-----+--------+

Top non-repeatable levels by time:
     D:2: 989 daAuts
     D:1: 645 daAuts
     D:3: 146 daAuts
